 Dungeon Crawl Stone Soup version 0.31.0-32-g396128a36d (webtiles) character file.

Game seed: 10049338840843198510

60 venomsnake the Trooper (level 3, -6/34 HPs)
             Began as a Minotaur Berserker on Mar 24, 2024.
             Was a Believer of Trog.
             Killed by divine providence
             ... invoked by an orc priest
              (13 damage)
             ... on level 3 of the Dungeon.
             The game lasted 00:05:09 (2033 turns).

venomsnake the Trooper (Minotaur Berserker)         Turns: 2033, Time: 00:05:09

Health: -6/34      AC:  3    Str: 23    XL:     3   Next: 80%
Magic:  2/2        EV: 11    Int:  4    God:    Trog [**....]
Gold:   87         SH:  0    Dex:  9    Spells: 2/2 levels left

rFire   . . .        a - +0 hand axe
rCold   . . .        (no shield)
rNeg    . . .        h - +0 leather armour of Apathy {Will+}
rPois   .            (helmet restricted)
rElec   .            (no cloak)
rCorr   .            (no gloves)
SInv    .            (no boots)
Will    +....        (no amulet)
Stlth   +            (no ring)
HPRegen 0.25/turn    (no ring)
MPRegen 0.08/turn

%: no passive effects
@: no status effects
A: horns 2, retaliatory headbutt
a: Renounce Religion, Berserk, Trog's Hand


You were on level 3 of the Dungeon.
You worshipped Trog.
Trog was pleased with you.
You visited 1 branch of the dungeon, and saw 3 of its levels.

You collected 87 gold pieces.

Inventory:

Hand Weapons
 a - a +0 hand axe (weapon)
Armour
 b - a +0 animal skin
 h - the +0 leather armour of Apathy (worn) {Will+}
   (You found it on level 2 of the Dungeon)

   Will+:     It increases your willpower.
Jewellery
 c - a ring of positive energy
Scrolls
 f - 4 scrolls of teleportation {unknown}
 g - a scroll of enchant armour {unknown}
 k - a scroll of fog {unknown}
 l - a scroll of amnesia {unknown}
 n - a scroll of revelation {unknown}
 o - a scroll of fear {unknown}
Potions
 d - 2 potions of curing {unknown}
 e - 2 potions of mutation {unknown}
 i - a potion of berserk rage {unknown}
 j - a potion of attraction {unknown}
 m - a potion of heal wounds {unknown}


   Skills:
 + Level 4.5 Fighting
 + Level 4.4 Axes
 + Level 3.1 Armour
 + Level 2.3 Dodging
 + Level 0.2 Stealth


You had 2 spell levels left.
You didn't know any spells.
Your spell library was empty.

Dungeon Overview and Level Annotations

Branches:
Dungeon (3/15)

Altars:


Innate Abilities, Weirdness & Mutations

You have a pair of horns on your head.
You reflexively headbutt those who attack you in melee.


Message History

Things that are here:
a +0 spear; a hobgoblin corpse You now have 87 gold pieces (gained 9).
Found a stone staircase leading down.
A kobold comes into view. It is wielding a +0 short sword.
The kobold shouts!
The kobold moves out of view.
There is an open door here.
No target in view!
A kobold is nearby!
A kobold is nearby!
The kobold barely misses you.
You slash the kobold!
You kill the kobold!
Trog accepts your kill.
No target in view! 2 orcs come into view.
The orc shouts! x2; You hear an angry hiss.
There are monsters nearby!
An orc comes into view. It is wielding a +0 hand axe.
The orc shouts!
An orc priest comes into view. It is wielding a +0 whip.
The orc priest shouts!
An adder comes into view.
The adder hisses angrily.
You hit the orc.
The orc is lightly wounded.
You hit the orc. The orc hits you with a +0 hand axe.
The orc hits you but does no damage.
You slash the orc!
You kill the orc!
Trog accepts your kill.
You hit the orc. The orc hits you with a +0 hand axe.
You barely miss the orc. The orc hits you with a +0 hand axe.
The orc priest mumbles some strange prayers to Beogh against you.
Beogh smites you!
* * * LOW HITPOINT WARNING * * *
The orc priest invokes the aid of Beogh against you.
Beogh smites you!
You die...

..... .#.#.# .....
....... ..... ....
....... ...... ...
...... .#.#.. ## ...
....# # ..... ... #.#
....#.# ....... #...##.#
.......
....####...##.###....#.#
#...........@oSo)......
#...>.....##.###o...###
#.....#...##.# ....#
#.....#....#.# ......#
#.....#....#.###.#..#.#
#.....'................
#.....#......###.######
#.....#...........
#.....##.#)..###..


You could see an orc priest, an adder and 2 orcs.

Vanquished Creatures
  An adder (D:2)
  4 dart slugs
  A ribbon worm (D:2)
  An orc (D:3)
  An endoplasm (D:2)
  3 giant cockroaches
  A goblin (D:2)
  5 hobgoblins
  4 jackals (D:2)
  A quokka (D:2)
  3 ball pythons
  3 bats (D:2)
  4 frilled lizards
  3 kobolds
  4 rats
39 creatures vanquished.

Notes
Turn   | Place    | Note
-------+----------+-------------------------------------------
     0 | D:1      | venomsnake the Minotaur Berserker began the quest for the
                  | Orb.
     0 | D:1      | Reached XP level 1. HP: 19/19 MP: 0/0
   210 | D:1      | Found a faded altar of an unknown god.
   553 | D:1      | Reached XP level 2. HP: 25/27 MP: 1/1
   894 | D:2      | Identified the +0 leather armour of Apathy {Will+}
  1057 | D:2      | Reached XP level 3. HP: 31/33 MP: 2/2
  1525 | D:2      | Reached ** piety under Trog
  2033 | D:3      | Killed from afar by an orc priest

Illustrated notes

Levels and vault maps discovered:
D:1:      lightli_arrival_maybe_door_vault, layout_basic,
          shapermc_ecumenical_altar_starsandcircs
D:2:      layout_basic, kennysheep_generic_room_12
D:3:      layout_basic, serial_shops, nicolae_shop_tiny_waterfront,
          kennysheep_generic_room_5

Skill      XL: |  1  2  3 |
---------------+----------+-----
Fighting       | 4 |  4.5
Axes           | 4 |  4.4
Armour         | 3 |  3.1
Dodging        | |  2.3
Stealth        | |  0.2

Action                     || total
---------------------------++-------
  Melee: Hand axe          ||    75
         Headbutt          ||     9
         Punch             ||     1
   Stab: Sleeping          ||     1
 Armour: Animal skin       ||    17
         Leather armour    ||    29
  Dodge: Dodged            ||    40
